 Dungeon Crawl Stone Soup version 0.31-a0-925-g0a390f2509 (webtiles) character file.

Game seed: 964341662960373207

103 IdlyInterested the Trooper (level 4, -1/35 HPs)
             Began as a Demonspawn Wanderer on Oct 18, 2023.
             Slain by Crazy Yiuf
             ... wielding a +2 quarterstaff of chaos
              (8 damage)
             ... on level 2 of the Dungeon.
             The game lasted 00:07:03 (2228 turns).

IdlyInterested the Trooper (Demonspawn Wanderer)    Turns: 2228, Time: 00:07:04

Health: -1/35      AC:  3    Str: 13    XL:     4   Next: 51%
Magic:  7/7        EV: 11    Int: 14    God:
Gold:   122        SH:  5    Dex: 13    Spells: 7/7 levels left

rFire   . . .        a - +2 quarterstaff
rCold   . . .        (shield currently unavailable)
rNeg    . . .        q - +0 leather armour
rPois   .            (no helmet)
rElec   .            (no cloak)
rCorr   .            (no gloves)
SInv    .            (no boots)
Will    +....        l - amulet of reflection
Stlth   +            p - ring of willpower
HPRegen 0.25/turn    (no ring)
MPRegen 0.10/turn

%: reflection
@: no status effects
A: weakness stinger 1
a: no special abilities


You were on level 2 of the Dungeon.
You visited 1 branch of the dungeon, and saw 2 of its levels.

You collected 122 gold pieces.

Inventory:

Hand Weapons
 a - a +2 quarterstaff (weapon)
 c - a +0 dagger
 g - a +0 hand axe
 o - a +0 spear
Missiles
 b - 4 poisoned darts (quivered)
 j - 15 stones
Armour
 e - a +0 robe
 q - a +0 leather armour (worn)
Jewellery
 l - an amulet of reflection (around neck)
 p - a ring of willpower (left hand)
Scrolls
 d - 2 scrolls of blinking
 f - 2 scrolls of teleportation
 k - 2 scrolls of identify
 m - a scroll of amnesia {unknown}
 n - 2 scrolls of immolation {unknown}
 r - a scroll of noise {unknown}
Potions
 h - a potion of haste
 i - a potion of degeneration {unknown}
 s - a potion of curing {unknown}


   Skills:
 - Level 3.0 Fighting
 - Level 2.6 Staves
 - Level 2.0 Throwing
 - Level 1.0 Armour
 - Level 1.0 Dodging
 * Level 0.7 Stealth
 + Level 2.4 Spellcasting
 - Level 2.1 Necromancy
 - Level 1.0 Evocations


You had 7 spell levels left.
You didn't know any spells.
Your spell library contained the following spells:

 Spells                   Type           Power      Damage    Failure   Level
 Sublimation of Blood     Necr           7%         N/A       19%         2
 Cigotuvi's Dreadful Rot  Necr/Pois/Air  6%         N/A       32%         2
 Volatile Blastmotes      Fire/Tloc      2%         2d10      65%         3
 Fulminant Prism          Conj/Hex       0%         3d5       96%         4
 Iskenderun's Mystic Bla  Conj/Tloc      1%         2d3       96%         4


Dungeon Overview and Level Annotations

Branches:
Dungeon (2/15)

Altars:

Annotations:
D:2 Crazy Yiuf


Innate Abilities, Weirdness & Mutations

You have a small tail.


Message History

Aim: Crazy Yiuf, wielding a +2 quarterstaff of chaos and wearing a +0 cloak (60% to hit)
You throw a poisoned dart. The poisoned dart hits Crazy Yiuf.
Crazy Yiuf hits you with a +2 quarterstaff of chaos.
Throw: 9 darts (poison)
Press: ? - help, Q - select action, (/) - cycle Shift-Dir - straight line, f/p - Crazy Yiuf
Aim: Crazy Yiuf, wielding a +2 quarterstaff of chaos and wearing a +0 cloak (60% to hit)
You throw a poisoned dart. The poisoned dart hits Crazy Yiuf.
Crazy Yiuf is poisoned.
You block Crazy Yiuf's attack.
Throw: 8 darts (poison)
Press: ? - help, Q - select action, (/) - cycle Shift-Dir - straight line, f/p - Crazy Yiuf
Aim: Crazy Yiuf, wielding a +2 quarterstaff of chaos and wearing a +0 cloak (poisoned, 60% to hit)
You throw a poisoned dart.
The poisoned dart barely misses Crazy Yiuf.
Crazy Yiuf hits you with a +2 quarterstaff of chaos.
Crazy Yiuf burns you.
Throw: 7 darts (poison)
Press: ? - help, Q - select action, (/) - cycle Shift-Dir - straight line, f/p - Crazy Yiuf
Aim: Crazy Yiuf, wielding a +2 quarterstaff of chaos and wearing a +0 cloak (lightly wounded, poisoned, 60% to hit)
You throw a poisoned dart. The poisoned dart hits Crazy Yiuf.
Crazy Yiuf looks even sicker.
Crazy Yiuf is lightly wounded.
Crazy Yiuf closely misses you.
Throw: 6 darts (poison)
Press: ? - help, Q - select action, (/) - cycle Shift-Dir - straight line, f/p - Crazy Yiuf
Aim: Crazy Yiuf, wielding a +2 quarterstaff of chaos and wearing a +0 cloak (lightly wounded, very poisoned, 60% to hit)
You throw a poisoned dart. The poisoned dart hits Crazy Yiuf.
Crazy Yiuf looks even sicker.
Crazy Yiuf is lightly wounded.
Crazy Yiuf barely misses you.
Throw: 5 darts (poison)
Press: ? - help, Q - select action, (/) - cycle Shift-Dir - straight line, f/p - Crazy Yiuf
Aim: Crazy Yiuf, wielding a +2 quarterstaff of chaos and wearing a +0 cloak (moderately wounded, very poisoned, 60% to hit)
You throw a poisoned dart. The poisoned dart hits Crazy Yiuf.
Crazy Yiuf looks as sick as possible!
Crazy Yiuf is moderately wounded.
Crazy Yiuf hits you with a +2 quarterstaff of chaos!
* * * LOW HITPOINT WARNING * * *
Crazy Yiuf freezes you!
You die...

######### #........
############### ###
###.#.........###
#...##..#.............
#(..g@####......##.###
#)..### ##.....##.# #
### #####.##.# # #.##.#
# #.##.### ###
############.##....
#.###.#.#..............
#.##>...#.###.#.....<..
#.##.<....# #.#........


You could see Crazy Yiuf (extremely poisoned).

Vanquished Creatures
  3 adders (D:2)
  An adder zombie (D:2)
  A dart slug (D:2)
  2 bat skeletons (D:2)
  8 endoplasms
  3 giant cockroaches
  2 goblins (D:1)
  8 hobgoblins
  10 jackals
  A kobold (D:2)
  2 quokkas (D:1)
  9 ball pythons
  A ball python skeleton (D:2)
  5 bats
  2 frilled lizards
  A quokka skeleton (D:2)
  2 rats
61 creatures vanquished.

Notes
Turn   | Place    | Note
-------+----------+-------------------------------------------
     0 | D:1      | IdlyInterested the Demonspawn Wanderer began the quest for
                  | the Orb.
     0 | D:1      | IdlyInterested set off with the following items: a +2
                  | quarterstaff, 10 poisoned darts, a +0 dagger, a scroll of
                  | blinking, a +0 robe; and the following spells available to
                  | memorise: Sublimation of Blood, Cigotuvi's Dreadful Rot.
     0 | D:1      | Reached XP level 1. HP: 13/13 MP: 3/3
   120 | D:1      | Reached skill level 1 in Fighting
   173 | D:1      | Gained mutation: You have a small tail. [demonic ancestry]
   173 | D:1      | Reached XP level 2. HP: 7/21 MP: 5/5
   364 | D:1      | Reached skill level 2 in Fighting
   511 | D:1      | Reached XP level 3. HP: 28/28 MP: 6/6
   946 | D:2      | HP: 1/28 [constriction (1)]
   987 | D:2      | Reached skill level 3 in Fighting
  1030 | D:2      | Reached skill level 1 in Armour
  1347 | D:2      | Reached XP level 4. HP: 31/35 MP: 7/7
  1413 | D:2      | Reached skill level 1 in Dodging
  1876 | D:2      | Found a runed translucent door.
  1877 | D:2      | Noticed Crazy Yiuf
  2228 | D:2      | Slain by Crazy Yiuf

Illustrated notes

Levels and vault maps discovered:
D:1:      dpeg_arrival_rooms_with_view, layout_loops_ring, minmay_tetromino_o2
D:2:      layout_loops_ring, serial_undead, serial_undead_a, serial_undead_a,
          serial_undead_d, serial_undead_e, chequers_serial_rivers_room_b,
          kennysheep_big_empty_room, nicolae_figureground_sparkle,
          uniq_crazy_yiuf_cottage

Skill      XL: |  1  2  3  4 |
---------------+-------------+-----
Throwing       | 2 |  2.0
Fighting       | 1 2 3 |  3.0
Armour         | 1 |  1.0
Dodging        | 1 |  1.0
Staves         | |  2.6
Stealth        | |  0.7
Spellcasting   | |  2.4
Necromancy     | |  2.1
Evocations     | |  1.0

Action                     |  1- 3 |  4- 6 || total
---------------------------+-------+-------++-------
  Melee: Quarterstaff      |   118 |    33 ||   151
         Tailslap          |    10 |     3 ||    13
  Throw: Stone             |     1 |       ||     1
         Dart              |       |     6 ||     6
    Use: Scroll            |     2 |       ||     2
   Stab: Sleeping          |     4 |     1 ||     5
 Armour: Robe              |    73 |    17 ||    90
         Leather armour    |       |     8 ||     8
  Dodge: Dodged            |    67 |    22 ||    89
  Block: Other             |     8 |    13 ||    21

Table legend: (Time is in decaauts)
 A = Elapsed time spent in this place.
 B = Non-inter-level travel time spent in this place.
 C = Inter-level travel time spent in this place.
 D = Time resting spent in this place.
 E = Time spent auto-exploring this place.
 F = Levels seen in this place.
 G = Mean time per level.
                   A        B        C        D        E       F      G
               +--------+--------+--------+--------+--------+-----+--------+
         Total |   2255 |   2119 |    136 |    477 |   1074 |   2 | 1127.5 |
       Dungeon |   2255 |   2119 |    136 |    477 |   1074 |   2 | 1127.5 |
               +--------+--------+--------+--------+--------+-----+--------+

Top non-repeatable levels by time:
     D:2: 1213 daAuts
     D:1: 1042 daAuts
